 Dungeon Crawl Stone Soup version 0.31-a0-631-g285b096dc4 (webtiles) character file.

Game seed: 10276029972722971487

484 kae the Changeling (level 6, -3/78 HPs)
             Began as a Draconian Shapeshifter on Aug 25, 2023.
             Was an Initiate of Ru.
             Slain by Edmund
             ... wielding a +2 dire flail of protection
              (6 damage)
             ... on level 5 of the Dungeon.
             The game lasted 00:03:10 (3889 turns).

kae the Changeling (Draconian Shapeshifter)         Turns: 3889, Time: 00:03:10

Health: -3/78      AC: 23    Str: 17    XL:     6   Next: 88%
Magic:  6/6        EV:  2    Int:  8    God:    Ru [......]
Gold:   321        SH:  0    Dex: 14    Spells: 5/5 levels left

rFire   . .          .
                       - Unarmed
rCold   + . .        (no shield)
rNeg    . . .        (body armour unavailable)
rPois   +            (helmet currently unavailable)
rElec   .            (cloak currently unavailable)
rCorr   .            (gloves currently unavailable)
SInv    .            (boots currently unavailable)
Will    .....        (no amulet)
Stlth   +            C - ring of protection from cold
HPRegen 0.33/turn    (no ring)
MPRegen 0.10/turn

%: no passive effects
@: brilliant, tree-form
A: stationary, stasis, torment immunity, boosted hp, AC +6, unfitting armour,
(cold-blooded)
a: Renounce Religion


You were on level 5 of the Dungeon.
You worshipped Ru.
Ru was noncommittal.
You were a tree.
You visited 1 branch of the dungeon, and saw 5 of its levels.

You collected 321 gold pieces.


Innate Abilities, Weirdness & Mutations

You are a tree.
Your roots penetrate the ground, keeping you stationary.
You cannot be teleported.
You are immune to unholy pain and torment.
Your maximum health is greatly increased.
Your equipment is partially melded.
((Your plain brown scales are hard. (AC +6)))
You cannot fit into any form of body armour.
((You are cold-blooded and may be slowed by cold attacks.))


   Skills:
 + Level 3.9 Fighting
 - Level 1.7 Dodging
 + Level 4.6 Unarmed Combat
 * Level 5.5 Shapeshifting


You had 5 spell levels left.
You didn't know any spells.
Your spell library contained the following spells:

 Spells                   Type           Power      Damage    Failure   Level
 Frozen Ramparts          Ice            0%         1d1       78%         3
 Petrify                  Tmut/Erth      0%         N/A       99%         4
 Metabolic Englaciation   Hex/Ice        0%         N/A       100%        5

Inventory:

Missiles
 d - 113 stones
 j - 8 boomerangs
Armour
 q - a +1 hat
   (You found it on level 4 of the Dungeon)
Jewellery
 C - a ring of protection from cold (left branch)
   (You found it on level 3 of the Dungeon)
Talismans
 b - a beast talisman
 c - a flux talisman
Wands
 k - a wand of quicksilver (4)
   (You found it on level 5 of the Dungeon)
Scrolls
 e - 2 scrolls of immolation {!r!r}
 g - a scroll of vulnerability {!r!r}
 p - a scroll of silence {!r}
 r - a scroll of torment {unknown}
Potions
 f - a potion of enlightenment
 h - a potion of cancellation
 i - a potion of degeneration {!q}
 l - a potion of magic
 m - a potion of resistance
 n - a potion of invisibility
 o - a potion of brilliance

Dungeon Overview and Level Annotations

Branches:
Dungeon (5/15) Zot: 26088
 Temple: D:4-7

Altars:
Gozag
Ru
Trog
Xom

Shops:
D:4 :

Annotations:
D:5 Edmund

#.# ### #.# ### #.. ... ..#
#.####.####.# # #.#...... #.#
# #### #.#.##.##.#.#.###.#
####.#.
###.#.#...#.#@#.....####.....#
#......._....♣..#####.#......#
#.#.#.#...#.#.####.....#.....#
#.#.#.##.##.#.###......#......
#.#.#.......#.#..#.....#.....#
#.#.####.####.##.#......#.###.
#.#...........#..#.....###....
#.######.######.###.###.#.....
#...# #.........# ##.....#..>.
###.# #.........# #......#....


You could see Edmund.


Message History

Ru welcomes you!
Unknown command.
Press < or > to pray at altars.
r - a scroll labelled FEOXEE ZISHRAIF 😕 HP[+8]
You regained 8 hp, and now have 44/52 hp.
Unknown command.
An adder comes into view.
The adder hisses angrily. 😎 HP[+8]
Your hp is fully restored (52).
An adder is nearby!
Unknown command.
An adder is nearby!
An adder is nearby!
An adder is nearby!
You hit the adder. The adder bites you.
You barely miss the adder. The adder completely misses you.
The adder bites you but does no damage.
An adder is nearby!
You hit the adder. The adder barely misses you.
You barely miss the adder. The adder closely misses you.
An adder is nearby!
You hit the adder.
You kill the adder!
No target in view!
d - 113 stones (gained 6) Edmund the Younger comes into view.
He is wielding a +2 dire flail of protection.
Edmund shouts!
Edmund is nearby!
Edmund is nearby!
Edmund is nearby!
Edmund is nearby!
Edmund is nearby!
Edmund says, "People accused me of being a cutpurse!"
Edmund completely misses you.
You closely miss Edmund.
Edmund hits you with a +2 dire flail of protection. 😕 HP[-3]
You take 3 damage, and now have 49/52 hp.
You hit Edmund but do no damage.
Edmund hits you with a +2 dire flail of protection.
You hit Edmund but do no damage.
Edmund hits you with a +2 dire flail of protection. 😕 HP[-7]
You take 7 damage, and now have 42/52 hp.
You hit Edmund but do no damage.
Edmund hits you with a +2 dire flail of protection!
You are too injured to fight recklessly! 😮 HP[-7]
You take 7 damage, and now have 35/52 hp.
Unknown command.
You hit Edmund. You tail-slap Edmund! You punch Edmund, but do no damage.
Edmund hits you with a +2 dire flail of protection!
* * * LOW HITPOINT WARNING * * *
😨 HP[-9]
You take 9 damage, and now have 26/52 hp.
You hit Edmund. You tail-slap Edmund, but do no damage.
It was a potion of brilliance.
You feel clever all of a sudden.
Edmund hits you with a +2 dire flail of protection!
* * * LOW HITPOINT WARNING * * *
😨 HP[-11]
You take 11 damage, and now have 15/52 hp.
MASSIVE DAMAGE!! (PAUSE)
Your transformation has ended.
You turn into a tree.
Your roots penetrate the ground.
Edmund hits you but does no damage. 😨 HP[+8]
You now have 78 max hp (+26).
You regained 8 hp, and now have 23/78 hp.
You barely miss Edmund.
Edmund hits you with a +2 dire flail of protection!
* * * LOW HITPOINT WARNING * * *
😱 HP[-7]
You take 7 damage, and now have 16/78 hp.
You hit Edmund.
Edmund hits you with a +2 dire flail of protection!
* * * LOW HITPOINT WARNING * * *
😱 HP[-7]
You take 7 damage, and now have 9/78 hp.
Unknown command.
You hit Edmund but do no damage. Edmund hits you but does no damage.
You smack Edmund!
Edmund hits you with a +2 dire flail of protection.
* * * LOW HITPOINT WARNING * * *
😱 HP[-4]
You take 4 damage, and now have 5/78 hp.
You closely miss Edmund. Your punch misses Edmund.
Edmund hits you but does no damage.
You closely miss Edmund.
Edmund hits you with a +2 dire flail of protection.
* * * LOW HITPOINT WARNING * * *
😱 HP[-2]
You take 2 damage, and now have 3/78 hp.
Unknown command.
You hit Edmund.
Edmund hits you with a +2 dire flail of protection.
You die...
Edmund says, "I'd like to see a scythe do that!"

Skill      XL: |  1  2  3  4  5 |
---------------+----------------+-----
Fighting       | 2 3 |  3.9
Shapeshifting  | 4 5 |  5.5
Unarmed Combat | 4 |  4.6
Dodging        | |  1.7

Action                     |  1- 3 |  4- 6 || total
---------------------------+-------+-------++-------
  Melee: Unarmed           |    95 |   159 ||   254
         Tailslap          |    10 |    23 ||    33
         Punch             |     2 |     4 ||     6
    Use: Scroll            |     5 |     8 ||    13
         Potion            |       |     3 ||     3
   Stab: Sleeping          |       |     4 ||     4
 Armour: Skin              |    24 |    40 ||    64
  Dodge: Dodged            |    58 |    78 ||   136

Levels and vault maps discovered:
D:1:      sevenhm_arrival_forest_fort_small_5, layout_loops_corners,
          serial_rivers, chequers_serial_rivers_marsh,
          chequers_serial_rivers_marsh, chequers_serial_rivers_micro_d,
          chequers_serial_rivers_marsh, chequers_serial_rivers_small_a,
          chequers_serial_rivers_micro_c, minmay_misc_feat_more_columns,
          chequers_serial_rivers_large_a
D:2:      layout_rooms, amethyst_killhole
D:3:      kennysheep_slugbush, layout_loops_ring, trog_hazing_becter
D:4:      layout_basic, serial_shops, nicolae_shop_stone
D:5:      nicolae_BIG_FREAKIN_CUBE, layout_basic,
          nicolae_ru_sacrificial_ziggurat, amethyst_overflow_temple_binary,
          serial_curves, eino_curves_02, eino_curves_03, eino_curves_03,
          eino_curves_04, uniq_edmund

Notes
Turn   | Place    | Note
-------+----------+-------------------------------------------
     0 | D:1      | kae the Draconian Shapeshifter began the quest for the Orb.
     0 | D:1      | Reached XP level 1. HP: 16/16 MP: 1/1
     0 | D:1      | magus.rc [v1.11.3]
   686 | D:1      | Reached XP level 2. HP: 23/23 MP: 2/2
  1172 | D:2      | Reached XP level 3. HP: 28/29 MP: 3/3
  1237 | D:2      | Reached skill level 2 in Fighting
  1617 | D:3      | Reached XP level 4. HP: 31/36 MP: 4/4
  1654 | D:3      | Reached skill level 4 in Shapeshifting
  1702 | D:3      | Identified the +1 long sword of Amorality {vamp, rElec MP+9
                  | Str-4}
  1877 | D:3      | You pick up a book of Sloth and begin reading...
  1877 | D:3      | You add the spells Frozen Ramparts, Petrify and Metabolic
                  | Englaciation to your library.
  2114 | D:3      | Found a bloodstained altar of Trog.
  2431 | D:4      | Reached XP level 5. HP: 41/42 MP: 5/5
  2658 | D:4      | Found Qiyfufel's Book Boutique.
  2735 | D:4      | HP: 9/44 [poisoned by a scorpion]
  2736 | D:4      | Reached skill level 3 in Fighting
  2736 | D:4      | Reached skill level 4 in Unarmed Combat
  2740 | D:4      | HP: 9/67 [poisoned by a scorpion]
  3146 | D:5      | Entered Level 5 of the Dungeon
  3164 | D:5      | Noticed an ice beast
  3177 | D:5      | Killed an ice beast
  3178 | D:5      | Reached skill level 5 in Shapeshifting
  3178 | D:5      | Reached XP level 6. HP: 40/51 MP: 6/6
  3312 | D:5      | Found an opulent altar of Gozag.
  3322 | D:5      | Found a shimmering altar of Xom.
  3785 | D:5      | Found a sacrificial altar of Ru.
  3801 | D:5      | Became a worshipper of Ru the Awakened
  3871 | D:5      | Noticed Edmund
  3883 | D:5      | HP: 16/78 [Edmund/+2 dire flail of protection (8)]
  3886 | D:5      | HP: 5/78 [Edmund/+2 dire flail of protection (5)]
  3889 | D:5      | Slain by Edmund

Vanquished Creatures
  An ice beast (D:5)
  A scorpion (D:4)
  3 hounds
  A sleepcap (D:5)
  An orc wizard (D:5)
  10 adders
  A shadow imp (D:5)
  3 worms
  8 dart slugs
  3 orcs (D:5)
  4 endoplasms
  2 giant cockroaches
  5 goblins
  12 hobgoblins
  2 jackals (D:4)
  3 quokkas
  4 ball pythons
  A bat (D:3)
  3 frilled lizards
  6 kobolds
  3 rats
77 creatures vanquished.

Table legend:
 A = Non-vault XP
 B = Vault XP
 C = Vault XP percentage of total XP
 D = Non-vault monster count
 E = Vault monster count
 F = Vault count percentage of total count
                 A         B        C        D         E       F
            +---------+---------+-------+---------+---------+-------
      Total |     659 |      33 |   4.8 |      65 |      12 |  15.6
            +---------+---------+-------+---------+---------+-------
        D:1 |      16 |       0 |   0.0 |      10 |       0 |   0.0
        D:2 |      67 |       0 |   0.0 |      10 |       0 |   0.0
        D:3 |      53 |      33 |  38.4 |      17 |      12 |  41.4
        D:4 |     209 |       0 |   0.0 |      16 |       0 |   0.0
        D:5 |     314 |       0 |   0.0 |      12 |       0 |   0.0
            +---------+---------+-------+---------+---------+-------

Skill      XL: |  1  2  3  4  5 |
---------------+----------------+-----
Fighting       | 2 3 |  3.9
Shapeshifting  | 4 5 |  5.5
Unarmed Combat | 4 |  4.6
Dodging        | |  1.7

Action                     |  1- 3 |  4- 6 || total
---------------------------+-------+-------++-------
  Melee: Unarmed           |    95 |   159 ||   254
         Tailslap          |    10 |    23 ||    33
         Punch             |     2 |     4 ||     6
    Use: Scroll            |     5 |     8 ||    13
         Potion            |       |     3 ||     3
   Stab: Sleeping          |       |     4 ||     4
 Armour: Skin              |    24 |    40 ||    64
  Dodge: Dodged            |    58 |    78 ||   136

Illustrated notes

Table legend:
 A = Kills in this place as a percentage of kills in the entire game.
 B = Kills by you in this place as a percentage of kills by you in the entire game.
 C = Kills by friends in this place as a percentage of kills by friends in the entire game.
 D = Other kills in this place as a percentage of other kills in the entire game.
 E = Experience gained in this place as a percentage of experience gained in the entire game.
 F = Experience gained in this place divided by the number of levels of this place that you have seen.
                   A       B       C       D       E      F
               +-------+-------+-------+-------+-------+----------------------
         Total | 100.0 | 100.0 |   N/A |   N/A | 100.0 | 138.4
       Dungeon | 100.0 | 100.0 |   N/A |   N/A | 100.0 | 138.4
               +-------+-------+-------+-------+-------+----------------------

Table legend: (Time is in decaauts)
 A = Elapsed time spent in this place.
 B = Non-inter-level travel time spent in this place.
 C = Inter-level travel time spent in this place.
 D = Time resting spent in this place.
 E = Time spent auto-exploring this place.
 F = Levels seen in this place.
 G = Mean time per level.
                   A        B        C        D        E       F      G
               +--------+--------+--------+--------+--------+-----+--------+
         Total |   3911 |   3747 |    164 |    100 |   3056 |   5 |  782.2 |
       Dungeon |   3911 |   3747 |    164 |    100 |   3056 |   5 |  782.2 |
               +--------+--------+--------+--------+--------+-----+--------+

Top non-repeatable levels by time:
     D:1: 1053 daAuts
     D:3: 798 daAuts
     D:4: 770 daAuts
     D:5: 737 daAuts
     D:2: 551 daAuts
